 Dungeon Crawl Stone Soup version 0.26-a0-651-gb41185065b (webtiles) character file.

Game seed: 7492700174050152590

354 kae the Ruffian (level 6, -8/70 HPs)
             Began as a Draconian Transmuter on Oct 23, 2020.
             Killed by divine providence
             ... invoked by an orc priest
              (13 damage)
             ... on level 4 of the Dungeon.
             The game lasted 00:03:08 (3818 turns).

kae the Ruffian (Draconian Transmuter)              Turns: 3818, Time: 00:03:08

Health: -8/70      AC: 23    Str: 14    XL:     6   Next: 35%
Magic:  7/9        EV:  2    Int: 13    God:
Gold:   282        SH:  0    Dex: 12    Spells: 3/9 levels left

rFire    . . .     SeeInvis .     - Unarmed
rCold    . . .     Faith    .   (no shield)
rNeg     + + +     Spirit   .   (armour unavailable)
rPois    +         Reflect  .   (helmet currently unavailable)
rElec    .         Harm     .   (cloak currently unavailable)
rCorr    .         Rampage  .   (gloves currently unavailable)
MR       .....     NoTele   +   (boots currently unavailable)
Stlth    +.........             (no amulet)
HPRegen  0.21/turn              h - +4 ring of slaying
MPRegen  0.11/turn              (no ring)

@: tree-form
A: unfitting armour, AC +6
a: no special abilities


You were on level 4 of the Dungeon.
You were a tree.
You visited 1 branch of the dungeon, and saw 4 of its levels.

You collected 282 gold pieces.

Inventory:

Armour
 f - a +0 pair of boots (melded)
Jewellery
 h - a +4 ring of slaying (left branch)
Scrolls
 a - a scroll of blinking
 n - a scroll of immolation {unknown}
 o - a scroll of identify
Potions
 c - a potion of mutation
 d - a potion of degeneration
 g - a potion of stabbing {unknown}
 i - a potion of lignification
 j - 2 potions of curing {unknown}
 k - a potion of haste
 l - a potion of ambrosia {unknown}
 m - a potion of resistance {unknown}


   Skills:
 - Level 1.1 Fighting
 - Level 1.7 Dodging
 * Level 6.1 Unarmed Combat
 - Level 2.0 Spellcasting
 + Level 4.2 Transmutations


You had 3 spell levels left.
You knew the following spells:

 Your Spells              Type           Power        Failure   Level
a - Beastly Appendage     Tmut           ##....       4%          1
b - Wereblood             Tmut           ##......     7%          2
c - Spider Form           Tmut/Pois      #.........   32%         3

Your spell library contained the following spells:

 Spells                   Type           Power        Failure   Level
 Ice Form                 Ice/Tmut       #.......     71%         4
 Blade Hands              Tmut           ##........   77%         5


Dungeon Overview and Level Annotations

Branches:
Dungeon (4/15)
 Temple: D:4-7

Altars:
Ashenzari


Innate Abilities, Weirdness & Mutations

((Your plain brown scales are hard. (AC +6)))
You cannot fit into any form of body armour.
((You are cold-blooded and may be slowed by cold attacks.))


Message History

The orc priest invokes the aid of Beogh against you.
Beogh smites you!
* * * LOW HITPOINT WARNING * * *
The orc hits you with a +0 club.
* * * LOW HITPOINT WARNING * * *
You smack the orc warrior!
The orc warrior is heavily wounded.
The orc warrior hits you but does no damage.
The orc hits you but does no damage.
You smack the orc warrior!
The orc warrior is almost dead.
The orc hits you with a +0 club.
* * * LOW HITPOINT WARNING * * *
The orc hits you but does no damage.
You hit the orc warrior.
The orc warrior is almost dead.
The orc hits you but does no damage.
The orc priest calls down the wrath of Beogh upon you.
Beogh smites you!
You die...

####..... #...........
....... .##..........
...... .##.........!
#....###.............
...#.........
##.##..#.....
#.........#
###o)##o...# ###..o♣#
....o..
######....)#oo.#....#
#
##.....##....o..#.....
##
#...#####.##.#.....o..
[####...# ###
#......... ...#...##
......... ....
.......## ....... ....
....#...## ...... ....
..####...## ##.....
#..


You could see an orc warrior, 2 orc priests and 2 orcs.

Vanquished Creatures
  2 orc priests (D:4)
  3 orc wizards (D:4)
  Jessica (D:2)
  Terence (D:2)
  A hound skeleton (D:4)
  4 adders
  A gnoll (D:2)
  2 worms
  4 dart slugs
  A leopard gecko (D:4)
  13 orcs
  2 ball pythons
  8 bats
  3 giant cockroaches
  4 goblins
  11 hobgoblins
  3 jackals (D:2)
  2 quokkas
  3 frilled lizards
  14 kobolds
  7 rats
90 creatures vanquished.

Notes
Turn   | Place    | Note
-------+----------+-------------------------------------------
     0 | D:1      | kae the Draconian Transmuter began the quest for the Orb.
     0 | D:1      | Reached XP level 1. HP: 16/16 MP: 3/3
   184 | D:1      | Reached XP level 2. HP: 7/23 MP: 3/5
  1223 | D:2      | Learned a level 2 spell: Wereblood
  1271 | D:2      | Reached XP level 3. HP: 24/28 MP: 4/6
  1328 | D:2      | Noticed Terence
  1342 | D:2      | Learned a level 3 spell: Spider Form
  1439 | D:2      | Killed Terence
  1439 | D:2      | Reached skill level 4 in Unarmed Combat
  1589 | D:2      | Reached XP level 4. HP: 31/35 MP: 3/7
  2259 | D:2      | Noticed Jessica
  2270 | D:2      | Killed Jessica
  2270 | D:2      | Reached skill level 5 in Unarmed Combat
  2270 | D:2      | Reached XP level 5. HP: 31/40 MP: 6/8
  2872 | D:3      | Found a broken altar of Ashenzari.
  3504 | D:4      | Noticed an orc warrior
  3798 | D:4      | Reached XP level 6. HP: 29/47 MP: 5/9
  3809 | D:4      | Reached skill level 6 in Unarmed Combat
  3818 | D:4      | Killed from afar by an orc priest

Illustrated notes

Levels and vault maps discovered:
D:1:      minmay_arrival_shattered_statue, layout_rooms, moated_statue
D:2:      minmay_recursive_quarters, layout_basic, uniq_jessica, uniq_terence
D:3:      layout_basic, ashenzari_altar_1
D:4:      layout_layer_cave, nicolae_qazlal_general_emergency

Skill      XL: |  1  2  3  4  5  6 |
---------------+-------------------+-----
Unarmed Combat | 4 5 6 |  6.1
Transmutations | 3 4 |  4.2
Fighting       | |  1.1
Dodging        | |  1.7
Spellcasting   | |  2.0

Action                   |  1- 3 |  4- 6 || total
-------------------------+-------+-------++-------
Melee: Unarmed           |    95 |   140 ||   235
       Kick              |     5 |    15 ||    20
       Headbutt          |     4 |     2 ||     6
       Tailslap          |     4 |     8 ||    12
       Punch             |     2 |     2 ||     4
 Cast: Beastly Appendage |    16 |    19 ||    35
       Spider Form       |     2 |     3 ||     5
       Wereblood         |       |     4 ||     4
  Use: Scroll            |       |    10 ||    10
       Potion            |       |     2 ||     2
 Stab: Sleeping          |       |     2 ||     2
Armor: Skin              |    24 |    66 ||    90
Dodge: Dodged            |    72 |    76 ||   148

Table legend: (Time is in decaauts)
 A = Elapsed time spent in this place.
 B = Non-inter-level travel time spent in this place.
 C = Inter-level travel time spent in this place.
 D = Time resting spent in this place.
 E = Time spent auto-exploring this place.
 F = Levels seen in this place.
 G = Mean time per level.
                   A        B        C        D        E       F      G
               +--------+--------+--------+--------+--------+-----+--------+
         Total |   3804 |   3631 |    173 |    155 |   2840 |   4 |  951.0 |
       Dungeon |   3804 |   3631 |    173 |    155 |   2840 |   4 |  951.0 |
               +--------+--------+--------+--------+--------+-----+--------+

Top non-repeatable levels by time:
     D:2: 1321 daAuts
     D:1: 1216 daAuts
     D:3: 776 daAuts
     D:4: 490 daAuts
